 Dungeon Crawl Stone Soup version 0.26-a0-58-g79b31b8662 (webtiles) character file.

Game seed: 4417410184052228646

378 DildoBatman the Conjurer (level 7, 0/46 HPs)
             Began as a Formicid Wizard on June 8, 2020.
             Slain by an orc
             ... wielding a +0 short sword
              (1 damage)
             ... on level 4 of the Dungeon.
             The game lasted 00:10:27 (3994 turns).

DildoBatman the Conjurer (Formicid Wizard)          Turns: 3994, Time: 00:10:27

Health: 0/46       AC:  3    Str: 12    XL:     7   Next: 4%
Magic:  4/11       EV: 12    Int: 19    God:
Gold:   135        SH:  0    Dex:  9    Spells: 5/12 levels left

rFire    . . .     SeeInvis +   b - +1 quarterstaff (protect)
rCold    . . .     Gourm    .   (no shield)
rNeg     + . .     Faith    .   m - +0 robe
rPois    .         Spirit   .   (helmet unavailable)
rElec    .         Reflect  .   (no cloak)
rCorr    .         Harm     .   (no gloves)
MR       .....                  n - +0 pair of boots
Stlth    ++........             (no amulet)
HPRegen  0.15/turn              t - ring of positive energy
MPRegen  0.12/turn              (no ring)

@: very slightly contaminated
A: permanent stasis, dig shafts and tunnels, four strong arms, antennae 3
a: Dig, Shaft Self


You were on level 4 of the Dungeon.
You were very hungry.

You visited 1 branch of the dungeon, and saw 4 of its levels.

You collected 135 gold pieces.

Inventory:

Hand Weapons
 a - a +0 hunting sling
 b - a +1 quarterstaff of protection (weapon)
 e - a +0 trident
 w - a +0 hand axe of electrocution
Missiles
 c - 114 stones (quivered)
 f - 86 arrows
 i - 91 sling bullets
 s - 2 poisoned darts
Armour
 m - a +0 robe (worn)
 n - a +0 pair of boots (worn)
Jewellery
 t - a ring of positive energy (left hand)
Wands
 o - a wand of paralysis (8)
 r - a wand of disintegration (16)
Scrolls
 d - a scroll of magic mapping {unknown}
 g - 2 scrolls of enchant armour {unknown}
 h - a scroll of amnesia {unknown}
 l - 2 scrolls of enchant weapon {unknown}
 p - a scroll of immolation {unknown}
 q - a scroll of blinking {unknown}
 x - 4 scrolls of remove curse
Potions
 j - a potion of resistance {unknown}
 k - 2 potions of lignification {unknown}
 u - 2 potions of heal wounds {unknown}
 y - a potion of flight {unknown}
Comestibles
 v - 8 rations
 z - 2 chunks of flesh


   Skills:
 - Level 1.7 Dodging
 - Level 2.4 Stealth
 - Level 3.2 Spellcasting
 * Level 5.5 Conjurations
   Level 1.0 Summonings
   Level 0.8 Translocations
 * Level 1.5 Fire Magic
 * Level 1.2 Air Magic


You had 5 spell levels left.
You knew the following spells:

 Your Spells              Type           Power        Failure   Level  Hunger
a - Conjure Flame         Conj/Fire      ###.....     11%         3    ###....
c - Magic Dart            Conj           ###.         1%          1    None
e - Mephitic Cloud        Conj/Pois/Air  ##......     17%         3    ###....

Your spell library contained the following spells:

 Spells                   Type           Power        Failure   Level  Hunger
 Call Imp                 Summ           #.......     16%         2    ##.....
 Slow                     Hex            #.......     22%         2    ##.....
 Blink                    Tloc           Unusable     N/A         2    N/A

Dungeon Overview and Level Annotations

Branches:
Dungeon (4/15)
 Temple: D:4-7

Altars:
Elyvilon
Beogh

Annotations:
D:3 3 runed translucent doors, mecharm's ghost, amateur OgTm


Innate Abilities, Weirdness & Mutations

You cannot be hasted, slowed, berserked, paralysed or teleported.
You can dig through walls and to a lower floor.
Your four strong arms can wield two-handed weapons with a shield.
You have a pair of large antennae on your head. (SInv)


Message History

You hit the orc wizard but do no damage.
The orc wizard is almost dead.
The orc wizard closely misses you.
The orc wizard hits you but does no damage.
You barely miss the orc wizard.
The orc wizard is almost dead.
You hit the orc wizard.
You kill the orc wizard!
You have reached level 7!
The orc hits you but does no damage.
You completely miss the orc. The orc hits you with a +0 short sword.
You closely miss the orc. The orc barely misses you.
You closely miss the orc. The orc hits you with a +0 short sword!
The orc hits you with a +0 short sword.
You barely miss the orc. The orc hits you with a +0 short sword.
You die...

. #.....# #.......#
##.o.## ######.##
##'## #.# ##.# #.#
#.# ...# #.# #.# ####
##.## #.# ######...##
#.#
........(.#########.#
#####..(.((.(.)o@...#
.........############
#####.#.## #####.#.#
..)...#.# #######.#
#.# #.. #.#


You could see an orc.

Vanquished Creatures
  An ogre (D:4)
  An orc priest (D:4)
  2 orc wizards
  A worker ant (D:3)
  2 gnolls
  6 adders
  5 dart slugs
  2 leopard geckos
  15 orcs
  3 giant cockroaches
  10 goblins
  6 hobgoblins
  7 jackals
  A ball python (D:2)
  7 bats
  4 frilled lizards
  10 kobolds
  10 rats
93 creatures vanquished.

Notes
Turn   | Place    | Note
-------+----------+-------------------------------------------
     0 | D:1      | DildoBatman the Formicid Wizard began the quest for the
                  | Orb.
     0 | D:1      | Reached XP level 1. HP: 13/13 MP: 4/4
    59 | D:1      | Reached skill level 1 in Conjurations
   243 | D:1      | Reached XP level 2. HP: 19/19 MP: 4/6
   313 | D:1      | Reached skill level 2 in Conjurations
   564 | D:1      | Reached XP level 3. HP: 18/24 MP: 0/7
   632 | D:1      | Learned a level 3 spell: Conjure Flame
   636 | D:1      | Learned a level 3 spell: Mephitic Cloud
  1068 | D:1      | Reached skill level 3 in Conjurations
  1384 | D:1      | Reached XP level 4. HP: 26/30 MP: 0/8
  2188 | D:2      | Found a white marble altar of Elyvilon.
  2471 | D:3      | Reached skill level 4 in Conjurations
  2471 | D:3      | Reached XP level 5. HP: 35/35 MP: 5/9
  2618 | D:3      | Found a runed translucent gate.
  2620 | D:3      | Found a runed translucent gate.
  2620 | D:3      | Noticed mecharm's ghost (amateur OgTm)
  2621 | D:3      | Found a runed translucent gate.
  2621 | D:3      | Found a roughly hewn altar of Beogh.
  3741 | D:4      | Reached skill level 5 in Conjurations
  3741 | D:4      | Reached XP level 6. HP: 41/41 MP: 4/10
  3868 | D:4      | Noticed an ogre
  3928 | D:4      | Killed an ogre
  3928 | D:4      | Reached skill level 1 in Fire Magic
  3928 | D:4      | Reached skill level 1 in Air Magic
  3990 | D:4      | Reached XP level 7. HP: 16/46 MP: 4/11
  3993 | D:4      | HP: 1/46 [orc/+0 short sword (6)]
  3994 | D:4      | Slain by an orc

Illustrated notes

Levels and vault maps discovered:
D:1:      lightli_arrival_windingriver, layout_loops_ring, minmay_tetromino_o4
D:2:      layout_loops_ring, lemuel_doored_altar
D:3:      layout_loops_ring, first_ration, biasface_ghost_orc_armoury
D:4:      layout_loops_corners, nemelex_diamond_rough_becter

Skill      XL: |  1  2  3  4  5  6 |
---------------+-------------------+-----
Conjurations   | 1 2 3 4 5 |  5.5
Fire Magic     | 1 |  1.5
Air Magic      | 1 |  1.2
Dodging        | |  1.7
Stealth        | |  2.4
Spellcasting   | |  3.2
Summonings     | |  1.0
Translocations | |  0.8

Action                   |  1- 3 |  4- 6 |  7- 9 || total
-------------------------+-------+-------+-------++-------
Melee: Club              |    21 |       |       ||    21
       Quarterstaff      |       |    20 |     4 ||    24
 Fire: Hunting sling     |       |    76 |       ||    76
 Cast: Magic Dart        |    87 |   105 |       ||   192
       Mephitic Cloud    |       |     5 |       ||     5
 Abil: Dig               |     1 |     4 |       ||     5
  Use: Scroll            |       |     1 |       ||     1
  Eat: Chunk             |     1 |     8 |       ||     9
Armor: Robe              |     5 |    12 |     1 ||    18
Dodge: Dodged            |    24 |    43 |     1 ||    68

Table legend:
 A = Non-vault XP
 B = Vault XP
 C = Vault XP percentage of total XP
 D = Non-vault monster count
 E = Vault monster count
 F = Vault count percentage of total count
                 A         B        C        D         E       F
            +---------+---------+-------+---------+---------+-------
      Total |     539 |       2 |   0.4 |      91 |       2 |   2.2
            +---------+---------+-------+---------+---------+-------
        D:1 |      68 |       2 |   2.9 |      36 |       2 |   5.3
        D:2 |      50 |       0 |   0.0 |      15 |       0 |   0.0
        D:3 |     193 |       0 |   0.0 |      34 |       0 |   0.0
        D:4 |     228 |       0 |   0.0 |       6 |       0 |   0.0
            +---------+---------+-------+---------+---------+-------
